 Dungeon Crawl Stone Soup version 0.27-a0-1196-g3e9cee4cb2 (webtiles) character file.

Game seed: 1457175984069687322

21666 avis the Severer (level 12, -15/105 HPs)
             Began as a Hill Orc Monk on May 29, 2021.
             Was an Elder of Beogh.
             Demolished by Rupert
             ... wielding a +6 great sword of electrocution
              (27 damage)
             ... on level 3 of the Lair of Beasts on May 30, 2021.
             The game lasted 01:50:38 (16798 turns).

avis the Severer (Hill Orc Monk)                   Turns: 16798, Time: 01:50:38

Health: -15/105    AC: 13    Str: 24    XL:     12   Next: 92%
Magic:  18/21      EV: 10    Int: 11    God:    Beogh [****..]
Gold:   1998       SH:  0    Dex: 13    Spells: 10/11 levels left

rFire    . . .     SeeInvis +   a - +1 war axe (venom)
rCold    . . .     Faith    .   (no shield)
rNeg     . . .     Spirit   .   z - +0 chain mail
rPois    .         Reflect  .   i - +0 helmet
rElec    .         Harm     .   (no cloak)
rCorr    .         Rampage  .   d - +1 pair of gloves
Will     .....                  (no boots)
Stlth    ..........             g - amulet of the acrobat
HPRegen  0.27/turn              f - ring of see invisible
MPRegen  0.17/turn              D - +6 ring of strength

@: marked
A: no striking features
a: Renounce Religion, Smiting, Recall Orcish Followers


You were on level 3 of the Lair of Beasts.
You worshipped Beogh.
Beogh was greatly pleased with you.
You visited 3 branches of the dungeon, and saw 13 of its levels.
You also visited: Bailey.

You collected 1998 gold pieces.

Inventory:

Hand Weapons
 a - a +1 war axe of venom (weapon)
 b - the +6 whip "Qegirao" {vorpal, Int+8}
   (You found it on level 9 of the Dungeon)

   It inflicts extra damage upon your enemies.
   It affects your intelligence (+8).
 w - a +1 broad axe
Missiles
 k - 34 poisoned darts
 l - 47 boomerangs (quivered)
 r - 28 bolts
 s - 5 throwing nets
 y - 12 arrows
 T - 6 atropa-tipped darts
 U - 5 javelins
Armour
 d - a +1 pair of gloves (worn)
 h - +0 steam dragon scales
 i - a +0 helmet (worn)
 z - a +0 chain mail (worn)
Jewellery
 f - a ring of see invisible (left hand)
 g - an amulet of the acrobat (around neck)
 D - a +6 ring of strength (right hand)
Wands
 o - a wand of digging (7)
 t - a wand of charming (13)
 v - a wand of polymorph (28)
 A - a wand of flame (23)
 B - a wand of paralysis (7)
 K - a wand of mindburst (10)
 L - a wand of acid (3)
Scrolls
 c - 2 scrolls of blinking
 n - 10 scrolls of teleportation
 q - a scroll of identify
 E - a scroll of brand weapon {unknown}
 J - a scroll of magic mapping
 M - a scroll of fog
Potions
 e - 5 potions of haste
 j - 2 potions of invisibility
 m - a potion of heal wounds
 p - a potion of brilliance {unknown}
 u - 2 potions of resistance
 x - 3 potions of curing
 C - 2 potions of lignification {unknown}
 G - a potion of magic {unknown}


   Skills:
 * Level 9.6 Fighting
 - Level 18.0(18.4) Axes
 - Level 6.2(12.0) Maces & Flails
 + Level 5.6 Armour
 - Level 5.1 Dodging
 - Level 1.5 Stealth
 - Level 12.0 Invocations


You had 10 spell levels left.
You knew the following spells:

 Your Spells              Type           Power      Damage    Failure   Level
a - Apportation           Tloc           0%         N/A       93%         1

Your spell library contained the following spells:

 Spells                   Type           Power      Damage    Failure   Level
 Animate Skeleton         Necr           0%         N/A       93%         1
 Corona                   Hex            0%         N/A       93%         1
 Shock                    Conj/Air       0%         1d3       93%         1
 Summon Small Mammal      Summ           0%         N/A       93%         1
 Static Discharge         Conj/Air       0%         N/A       98%         2
 Lesser Beckoning         Tloc           0%         N/A       100%        3
 Swiftness                Air            0%         N/A       100%        3
 Tukima's Dance           Hex            0%         N/A       100%        3
 Airstrike                Air            0%         N/A       100%        4
 Cause Fear               Hex            0%         N/A       100%        4
 Hailstorm                Conj/Ice       0%         3d3       100%        4
 Alistair's Intoxication  Tmut/Pois      0%         N/A       100%        5
 Lightning Bolt           Conj/Air       0%         1d11      100%        5
 Silence                  Hex/Air        0%         N/A       100%        5
 Yara's Violent Unravell  Hex/Tmut       0%         3d3       100%        5
 Invisibility             Hex            0%         N/A       100%        6
 Simulacrum               Ice/Necr       0%         N/A       100%        6
 Discord                  Hex            0%         N/A       100%        8


Dungeon Overview and Level Annotations

Branches:
Dungeon (9/15)             Temple (1/1) D:4            Lair (3/6) D:9
  Swamp (0/4) Lair:2          Orc (0/2) D:9          Bailey (visited)
  Snake: Lair:2-4    Spider: Lair:2-4

Altars:
Elyvilon
Fedhas
Hepliaklqana
Makhleb
Nemelex Xobeh
Okawaru
Qazlal
Sif Muna
Trog
Uskayaw
Vehumet
Wu Jian
Xom
Yredelemnul
Zin
The Shining One

Shops:
D:8 :

Annotations:
D:1 Runed longsword sealed between rocks
D:3 Boling fire pit; may be loot inside
Lair:2 2 transporters, Jetaf Qit's ghost, journeyman DsFi
Lair:3 Rupert


Message History

Your orc knight hits the rime drake from afar with a +0 trident!!!
The rime drake dies!
Beogh accepts your kill.
Rupert screams, "Get ready!
I'll kill you!
Or something like that..."
Unknown command.
What are your orders? t - Shout!
Orders for allies: a - Attack new target. r - Retreat! s - Stop attacking. g - Guard the area. f - Follow me.
Anything else - Cancel.
Okay, then.
What are your orders? t - Shout!
Orders for allies: a - Attack new target. r - Retreat! s - Stop attacking. g - Guard the area. f - Follow me.
Anything else - Cancel.
Follow me!
The ice encasing you melts away.
You swap places.
Rupert roars madly and goes into a rage!
Rupert goes berserk!
You swap places.
Rupert hits you with a +6 great sword of electrocution!
You slash Rupert!
Rupert is poisoned.
Rupert is lightly wounded.
Rupert hits you with a +6 great sword of electrocution!!
Your orc knight hits Rupert from afar with a +0 trident!!
Aiming: Smiting
Press: ? - help, Dir - move target, f - Rupert Smite: Rupert, wielding a +6 great sword of electrocution and wearing a +0 leather armour (moderately wounded, berserk, very poisoned, ally target)
You smite Rupert!
Rupert is moderately wounded.
Rupert hits you with a +6 great sword of electrocution!!
* * * LOW HITPOINT WARNING * * *
Your orc knight roars a battlecry!
Your orc knight goes into a battle-frenzy!
Rupert hits you with a +6 great sword of electrocution!!
You die...

.... #...........#....
#... ##.##...#..<..#.♣.
.....##.†.##..##........
.....#.....#......#.....
.................#......
..........#P....##....##
.....P....####.......##
.....P#@..# ##...♣. #
.#..P##@o## #. .#
....##o#.# .... ##### ..
#


You could see Rupert (berserk, very poisoned, ally target) and 2 friendly orc
knights.

Vanquished Creatures
  An orc warlord (Bailey)
  A hydra (Lair:1)
  Harold (D:8)
  Pikel (D:5)
  An oklob plant (Lair:2)
  A black mamba (Lair:2)
  3 elephants (Lair:3)
  2 cane toads
  A kobold demonologist (D:9)
  A komodo dragon (Lair:3)
  Grinder (D:3)
  3 blink frogs
  Sigmund (D:5)
  8 yaks
  A steam dragon (Lair:3)
  A basilisk (Lair:3)
  Edmund (D:6)
  Duvessa (D:4)
  4 water moccasins
  An orc warrior (Bailey)
  A sky beast (D:5)
  2 black bears
  2 necrophages
  3 ogres
  6 wolves
  3 centaurs
  3 lemures (D:5)
  8 bullfrogs
  A wyvern zombie (D:6)
  Dowan (D:4)
  A water moccasin skeleton (D:5)
  4 killer bees (D:9)
  4 howler monkeys
  A bullfrog zombie (D:6)
  A centaur zombie (D:9)
  A hound (D:7)
  2 orc priests
  A centaur skeleton (D:6)
  A gnoll shaman (D:8)
  An iguana (D:6)
  7 orc wizards
  Terence (D:3)
  A howler monkey zombie (D:5)
  10 gnolls
  3 adders
  A shadow imp (D:8)
  A white imp (D:7)
  An adder skeleton (D:4)
  A dart slug (D:1)
  13 orcs
  7 ball pythons
  5 endoplasms
  4 giant cockroaches
  7 goblins
  12 hobgoblins
  22 jackals
  5 quokkas
  10 bats
  19 kobolds
  7 rats
219 creatures vanquished.

Vanquished Creatures (collateral kills)
  The ghost of porpoise the Destroyer, a journeyman DECj of Sif Muna (Lair:1)
  2 bog bodies (Lair:2)
  4 elephants (Lair:3)
  A black mamba (Lair:1)
  2 cane toads
  2 rime drakes
  A komodo dragon (Lair:1)
  10 blink frogs
  A wyvern (Lair:1)
  3 yaks (D:8)
  An acid dragon (D:9)
  A water moccasin (Lair:1)
  An orc warrior (Bailey)
  A black bear (D:8)
  3 wolves (Lair:1)
  A scorpion (D:6)
  A killer bee (D:9)
  3 howler monkeys
  A centaur zombie (D:9)
  3 orc priests (D:8)
  An iguana (D:7)
  3 orc wizards (D:8)
  A gnoll (D:8)
  An adder (D:6)
  A shadow imp (D:6)
  6 orcs
  3 goblins (D:8)
59 creatures vanquished.

Vanquished Creatures (others)
  An orc warrior (Bailey)
  An orc priest (D:7)
  An orc wizard (Lair:3)
  A worm (D:2)
  2 dart slugs (D:2)
  14 orcs
  A jackal (D:2)
  A frilled lizard (D:2)
  A rat (D:2)
  5 fungi
  10 plants
38 creatures vanquished.

Grand Total: 316 creatures vanquished

Notes
Turn   | Place    | Note
-------+----------+-------------------------------------------
     0 | D:1      | avis the Hill Orc Monk began the quest for the Orb.
     0 | D:1      | Reached XP level 1. HP: 19/19 MP: 1/1
     5 | D:1      | Found a faded altar of an unknown god.
    76 | D:1      | Reached XP level 2. HP: 26/27 MP: 2/2
   701 | D:1      | Reached skill level 5 in Axes
   833 | D:1      | Reached XP level 3. HP: 30/33 MP: 3/3
  1570 | D:2      | Became a worshipper of Beogh the Brigand
  1570 | D:2      | Reached * piety under Beogh
  1570 | D:2      | Reached ** piety under Beogh
  1819 | D:2      | Reached XP level 4. HP: 41/41 MP: 4/4
  2014 | D:3      | Noticed Terence
  2044 | D:3      | Killed Terence
  2045 | D:3      | Reached skill level 6 in Axes
  2167 | D:3      | Noticed Grinder
  2200 | D:3      | Killed Grinder
  2201 | D:3      | Reached skill level 5 in Fighting
  2201 | D:3      | Reached skill level 7 in Axes
  2201 | D:3      | Reached XP level 5. HP: 14/49 MP: 5/5
  2201 | D:3      | Reached XP level 6. HP: 16/56 MP: 6/6
  2512 | D:3      | Reached skill level 8 in Axes
  2512 | D:3      | Reached skill level 1 in Invocations
  3038 | D:4      | Reached XP level 7. HP: 45/63 MP: 8/8
  3058 | D:4      | Noticed Duvessa
  3143 | D:4      | Found a staircase to the Ecumenical Temple.
  3172 | Temple   | Entered the Ecumenical Temple
  3515 | D:4      | Reached skill level 9 in Axes
  3619 | D:4      | Found a radiant altar of Vehumet.
  3656 | D:4      | Noticed Dowan
  3668 | D:4      | Killed Duvessa
  3668 | D:4      | Killed Dowan
  3918 | D:4      | Reached XP level 8. HP: 68/70 MP: 11/11
  3923 | D:4      | Found a hazy altar of Hepliaklqana.
  3978 | D:4      | Reached *** piety under Beogh
  4161 | D:4      | Found a sparkling altar of Nemelex Xobeh.
  4367 | D:5      | Entered Level 5 of the Dungeon
  4389 | D:4      | Reached skill level 10 in Axes
  4569 | D:5      | Reached skill level 5 in Invocations
  5169 | D:4      | Reached skill level 11 in Axes
  5614 | D:5      | Noticed Pikel
  5620 | D:5      | Killed Pikel
  5621 | D:5      | Reached skill level 12 in Axes
  5621 | D:5      | Reached XP level 9. HP: 47/75 MP: 6/14
  5748 | D:5      | Found a bloodstained altar of Trog.
  5916 | D:5      | Found an ornate altar of the Wu Jian Council.
  6017 | D:6      | Noticed Sigmund
  6031 | D:5      | Killed Sigmund
  6473 | D:6      | Reached skill level 13 in Axes
  6983 | D:6      | Noticed Edmund
  6993 | D:6      | Killed Edmund
  7636 | D:7      | Found a burning altar of Makhleb.
  7636 | D:7      | Found a white marble altar of Elyvilon.
  8439 | D:8      | Reached skill level 14 in Axes
  8445 | D:8      | Reached XP level 10. HP: 35/83 MP: 16/16
  8485 | D:8      | Found a flagged portal.
  8496 | Bailey   | Entered a bailey
  8534 | Bailey   | Noticed an orc warlord
  8944 | Bailey   | Found a runed translucent gate.
  8944 | Bailey   | Found a runed translucent gate.
  8945 | Bailey   | Found a runed translucent gate.
  9044 | Bailey   | Killed an orc warlord
  9045 | Bailey   | Reached skill level 15 in Axes
  9045 | Bailey   | Reached skill level 10 in Invocations
  9083 | Bailey   | Identified the ring "Aholayfu" {*Corrode +Blink Str+6 Dex+7
                  | Stlth+}
  9128 | Bailey   | Learned a level 1 spell: Apportation
  9392 | D:8      | Found Cyfodyq's Book Emporium.
  9724 | D:8      | Reached **** piety under Beogh
  9983 | D:8      | Noticed Harold
 10003 | D:8      | Killed Harold
 10345 | D:4      | Identified a scroll of acquirement
 10345 | D:4      | Acquired 1252 gold pieces
 10733 | D:9      | Reached skill level 17 in Axes
 10733 | D:9      | Reached skill level 5 in Dodging
 10733 | D:9      | Reached XP level 11. HP: 89/89 MP: 19/19
 10787 | D:9      | Found a blossoming altar of Fedhas.
 10792 | D:9      | Found a staircase to the Orcish Mines.
 10801 | D:9      | Reached skill level 18 in Axes
 10897 | D:9      | Found a staircase to the Lair.
 10918 | D:9      | Reached skill level 1 in Armour
 11233 | D:9      | Identified the +6 whip "Qegirao" {vorpal, Int+8}
 11661 | D:9      | Found a basalt altar of Yredelemnul.
 11664 | D:9      | Found a shimmering blue altar of Sif Muna.
 11664 | D:9      | Found a hide-covered altar of Uskayaw.
 11674 | D:9      | Found a glowing silver altar of Zin.
 11678 | D:9      | Found a glowing golden altar of the Shining One.
 11734 | Lair:1   | Entered Level 1 of the Lair of Beasts
 11735 | Lair:1   | Found a large runed translucent door.
 11736 | Lair:1   | Found a large runed translucent door.
 11795 | Lair:1   | Reached skill level 1 in Maces & Flails
 11798 | Lair:1   | Reached XP level 12. HP: 39/96 MP: 17/20
 12602 | Lair:1   | Noticed a six-headed hydra
 12610 | Lair:1   | Killed a six-headed hydra
 12800 | Lair:1   | Noticed porpoise's ghost (journeyman DECj)
 12816 | Lair:1   | Killed porpoise's ghost
 12817 | Lair:1   | Reached skill level 5 in Maces & Flails
 14388 | Lair:2   | Reached skill level 5 in Armour
 14747 | Lair:2   | Found a transporter.
 14754 | Lair:2   | Noticed Jetaf Qit's ghost (journeyman DsFi)
 14837 | Lair:2   | Found a transporter.
 14870 | Lair:2   | Found a staircase to the Swamp.
 16018 | Lair:3   | Identified the Handbook of the Frostbite
 16788 | Lair:3   | Noticed Rupert
 16798 | Lair:3   | Demolished by Rupert

Illustrated notes

Levels and vault maps discovered:
D:1:      dpeg_arrival_tiny_h, layout_basic, basic_ecumenical_altar,
          minmay_statues_item
D:2:      cheibrodos_pilgrimage, layout_rooms, minmay_split_cup_large
D:3:      layout_rooms, lemuel_another_geyser, uniq_grinder, uniq_terence
D:4:      layout_cave_pools, nicolae_vehumet_altar_sigil, kennysheep_mini_moat,
          nemelex_diamond_rough_becter, minmay_temple_entry_slanted,
          uniq_duvessa
D:5:      layout_rooms, amcnicky_altar_gilded, nzn_wu_jian_council_hall,
          chequers_garden, uniq_pikel
D:6:      layout_loops_corners, chequers_serial_rivers_small_3, uniq_edmund,
          uniq_sigmund
D:7:      layout_rooms, gammafunk_temple_overflow_statue
D:8:      layout_basic, serial_shops, shop, enter_bailey_3, uniq_harold
D:9:      layout_cave_pools, lemuel_round_altar,
          minmay_overflow_temple_star_hex, lair_entry_dummy, orc_0_dummy
Temple:   compressed_dpeg_triangle_lava_temple
Lair:1:   layout_roguey, ebering_ghost_disaster_area, serial_bayou_pond_d,
          grunt_megastairs_3
Lair:2:   layout_hall_layers, skrybe_swamp_entry_bodies,
          gammafunk_ghost_berserking_beasts, minmay_lair_oklob_chamber,
          lemuel_fruit_fields
Lair:3:   layout_misc_corridors, st_stairs_4, grunt_megastairs_4,
          serial_bayou_shore_b, lemuel_fruit_fields, uniq_rupert

Skill      XL: |  1  2  3  4  5  6  7  8  9 10 11 12 |
---------------+-------------------------------------+-----
Fighting       | 4 5 6 9 |  9.6
Axes           | 5 7 8 9 12 14 17 18 | 18.0
Invocations    | 2 4 7 9 10 11 12 | 12.0
Dodging        | 5 |  5.1
Armour         | 3 5 |  5.6
Maces & Flails | 1 6 |  6.2
Stealth        | |  1.5

Action                   |  1- 3 |  4- 6 |  7- 9 | 10-12 || total
-------------------------+-------+-------+-------+-------++-------
Melee: Hand axe          |     7 |       |       |       ||     7
       Dagger            |    99 |       |       |       ||    99
       Flail             |     1 |       |       |       ||     1
       War axe           |       |    61 |   188 |   327 ||   576
       Broad axe         |       |       |    15 |    10 ||    25
       Whip              |       |       |    36 |    18 ||    54
 Fire: Hunting sling     |     1 |    54 |    45 |       ||   100
Throw: Dart              |       |     4 |       |       ||     4
       Boomerang         |       |       |       |    47 ||    47
 Cast: Apportation       |       |       |       |    11 ||    11
Invok: Convert to Beogh  |     1 |       |       |       ||     1
       Smiting           |       |       |     4 |     6 ||    10
       Recall Orcish Fol |       |       |       |    14 ||    14
       Stop Recall       |       |       |       |     4 ||     4
Evoke: Wand              |       |       |     1 |     6 ||     7
  Use: Scroll            |       |     2 |    11 |     7 ||    20
       Potion            |       |       |     1 |     6 ||     7
 Stab: Sleeping          |     1 |     1 |       |       ||     2
       Distracted        |       |       |       |     2 ||     2
Armor: Robe              |    29 |       |       |       ||    29
       Ring mail         |     1 |    37 |     7 |       ||    45
       Chain mail        |       |       |   109 |   117 ||   226
       Acid dragon scale |       |       |       |     8 ||     8
Dodge: Dodged            |    78 |    41 |    70 |   177 ||   366

Table legend: (Time is in decaauts)
 A = Elapsed time spent in this place.
 B = Non-inter-level travel time spent in this place.
 C = Inter-level travel time spent in this place.
 D = Time resting spent in this place.
 E = Time spent auto-exploring this place.
 F = Levels seen in this place.
 G = Mean time per level.
                   A        B        C        D        E       F      G
               +--------+--------+--------+--------+--------+-----+--------+
         Total |  16797 |  14947 |   1850 |   5710 |   5318 |  14 | 1199.8 |
       Dungeon |  10823 |   9417 |   1406 |   3220 |   3782 |   9 | 1202.6 |
        Temple |    347 |    343 |      4 |    215 |      0 |   1 |  347.0 |
          Lair |   4769 |   4329 |    440 |   1957 |   1535 |   3 | 1589.7 |
        Bailey |    856 |    856 |      0 |    318 |      0 |   1 |  856.0 |
               +--------+--------+--------+--------+--------+-----+--------+

Top non-repeatable levels by time:
  Lair:1: 2362 daAuts
     D:4: 2009 daAuts
  Lair:2: 1630 daAuts
     D:1: 1444 daAuts
     D:8: 1366 daAuts
     D:6: 1357 daAuts
     D:5: 1198 daAuts
     D:3: 1048 daAuts
     D:9: 1026 daAuts
  Bailey: 856 daAuts
  Lair:3: 776 daAuts
     D:7: 756 daAuts
     D:2: 616 daAuts
  Temple: 347 daAuts
